 Dungeon Crawl Stone Soup version 0.29.0-10-g45618ea6d2 (webtiles) character file.

Game seed: 7134164415273842659

35 themarg the Trooper (level 3, -11/31 HPs)
             Began as a Palentonga Fighter on Sept 1, 2022.
             Mangled by Terence
             ... wielding a +0 hand axe of distortion
              (17 damage)
             ... on level 2 of the Dungeon.
             The game lasted 00:03:04 (1127 turns).

themarg the Trooper (Palentonga Fighter)            Turns: 1127, Time: 00:03:06

Health: -11/31     AC:  6    Str: 23    XL:     3   Next: 16%
Magic:  3/3        EV:  7    Int:  8    God:
Gold:   35         SH:  4    Dex:  9    Spells: 2/2 levels left

rFire   . . .      SeeInvis +   a - +0 war axe
rCold   . . .      Faith    .   c - +0 buckler
rNeg    . . .      Spirit   .   b - +0 scale mail
rPois   .          Reflect  .   (no helmet)
rElec   .          Harm     .   (no cloak)
rCorr   .          Rampage  .   (no gloves)
Will    .....                   (no barding)
Stlth   ..........              (no amulet)
HPRegen 0.10/turn               (no ring)
MPRegen 0.08/turn               (no ring)

@: no status effects
A: large, rugged brown scales 3, see invisible, deformed body, roll 1, armoured
tail
a: Rolling Charge


You were on level 2 of the Dungeon.
You visited 1 branch of the dungeon, and saw 2 of its levels.

You collected 35 gold pieces.

Inventory:

Hand Weapons
 a - a +0 war axe (weapon)
Armour
 b - a +0 scale mail (worn)
 c - a +0 buckler (worn)
 m - a +1 scale mail of positive energy
Jewellery
 e - a +4 ring of protection
Scrolls
 f - a scroll of summoning {unknown}
 g - 2 scrolls of amnesia {unknown}
 h - a scroll of enchant armour {unknown}
 i - a scroll of immolation {unknown}
 j - 5 scrolls of identify {unknown}
 l - a scroll of torment {unknown}
Potions
 k - 2 potions of curing {unknown}


   Skills:
 + Level 3.4 Fighting
 + Level 2.4 Axes
 + Level 2.7 Armour
 + Level 3.0 Shields


You had 2 spell levels left.
You didn't know any spells.
Your spell library contained the following spells:

 Spells                   Type           Power      Damage    Failure   Level
 Magic Dart               Conj           0%         1d3       80%         1
 Searing Ray              Conj           0%         2d4       90%         2
 Fulminant Prism          Conj/Hex       0%         3d6       100%        4


Dungeon Overview and Level Annotations

Branches:
Dungeon (2/15)

Altars:
Fedhas

Annotations:
D:2 Terence


Innate Abilities, Weirdness & Mutations

You are completely covered in rugged brown scales. (AC +3, +7% HP)
You have supernaturally acute eyesight. (SInv)
Armour fits poorly on your strangely shaped body.
You can roll at nearby foes to attack.
You have a long armoured tail.


Message History

Ouch! That really hurt!
You hit Terence but do no damage.
Terence is moderately wounded.
Terence screams, "I want your blood!" Terence hits you but does no damage.
Space warps around you.
* * * LOW HITPOINT WARNING * * *
Terence hits you but does no damage. Space warps around you.
* * * LOW HITPOINT WARNING * * *
You feel very mighty all of a sudden.
Terence hits you with a +0 hand axe of distortion.
* * * LOW HITPOINT WARNING * * *
You blink.
Found a stone staircase leading up.
Found a stone staircase leading down.
There is a stone staircase leading up here.
You climb upwards.
There is a stone staircase leading down here.
You start resting.
You feel a little less mighty now.
You start resting.
HP restored.
You climb downwards.
Level annotation: Terence
There is a stone staircase leading up here.
You barely miss Terence.
Terence hits you with a +0 hand axe of distortion.
Space warps horribly around you! Terence barely misses you.
You barely miss Terence. You block Terence's attack.
You closely miss Terence. Terence hits you but does no damage.
You blink.
You closely miss Terence. Terence hits you but does no damage.
You blink.
There is a stone staircase leading up here.
You hit Terence but do no damage. Terence barely misses you.
Terence closely misses you.
You slash Terence!
Terence is moderately wounded.
Terence hits you with a +0 hand axe of distortion.
* * * LOW HITPOINT WARNING * * *
Space warps horribly around you!
Ouch! That really hurt!
You die...

.....#
#.@...##
.....#
#.....#
####.#
...###.#
# .#
#.#####.#
# # ...
#...# #
... #.###
# ..# #.#
#####. .#
#####@#
.....#
##...@.#
~....#
#......#
....)#
#..#####
≈~...#
#..
.....# #.
~....# ..
~~.... >
~~##.#


You could see Terence.

Vanquished Creatures
  A dart slug (D:1)
  3 endoplasms
  A giant cockroach (D:1)
  3 goblins
  5 hobgoblins (D:1)
  3 quokkas (D:2)
  7 ball pythons (D:1)
  A bat (D:1)
  4 frilled lizards
  2 rats (D:1)
30 creatures vanquished.

Notes
Turn   | Place    | Note
-------+----------+-------------------------------------------
     0 | D:1      | themarg the Palentonga Fighter began the quest for the Orb.
     0 | D:1      | Reached XP level 1. HP: 19/19 MP: 1/1
   187 | D:1      | Reached XP level 2. HP: 19/25 MP: 2/2
   408 | D:1      | Found a faded altar of an unknown god.
   631 | D:2      | Found a blossoming altar of Fedhas.
   695 | D:2      | Reached XP level 3. HP: 29/31 MP: 3/3
   834 | D:2      | Noticed Terence
  1127 | D:2      | Mangled by Terence

Illustrated notes

Levels and vault maps discovered:
D:1:      minmay_arrival_radiant_lines, layout_rooms,
          shapermc_ecumenical_altar_notcrosses
D:2:      layout_basic, serial_glass, glass_columns_c, glass_columns_a,
          glass_columns_a, glass_columns_a, basic_altar,
          hangedman_abyss_or_decor_stabs, chequers_serial_rivers_large_a,
          uniq_terence

Skill      XL: |  1  2 |
---------------+-------+-----
Shields        | 3 |  3.0
Fighting       | |  3.4
Axes           | |  2.4
Armour         | |  2.7

Action                   || total
-------------------------++-------
Melee: War axe           ||    74
       Tailslap          ||     8
  Use: Potion            ||     1
Armor: Scale mail        ||    47
Dodge: Dodged            ||    31
Block: Buckler           ||    12
